 Dungeon Crawl Stone Soup version 0.22-a0-617-g6d95e9e (webtiles) character file.

1724 Gorglomux the Spear-Bearer (level 9, -8/81 HPs)
             Began as a Merfolk Chaos Knight on July 12, 2018.
             Mangled by a shadow (25 damage)
             ... summoned by the capriciousness of Xom
             ... on level 6 of the Dungeon.
             The game lasted 00:07:58 (5574 turns).

Gorglomux the Spear-Bearer (Merfolk Chaos Knight)   Turns: 5574, Time: 00:07:58

Health: -8/81      AC:  8    Str: 15    XL:     9   Next: 4%
Magic:  9/9        EV: 17    Int: 14    God:    Xom [......]
Gold:   251        SH:  4    Dex: 15    Spells: 8/8 levels left

rFire    . . .     SeeInvis .   a - +0 spear (chaos)
rCold    . . .     Gourm    .   (no shield)
rNeg     . . .     Faith    .   b - +2 leather armour
rPois    .         Spirit   .   j - +1 helmet
rElec    .         Reflect  +   (no cloak)
rCorr    .         Harm     .   (no gloves)
MR       ++...                  Z - +0 pair of boots
Stlth    +.........             k - +4 amulet of reflection
HPRegen  0.23/turn              m - ring of protection from magic
MPRegen  0.11/turn              (no ring)

@: hasted, very quick
A: change form in water, swift swim, stealthy swim, agile 1, blink, clever 1,
magic resistance 1, robust 1
a: Blink, Renounce Religion


You were on level 6 of the Dungeon.
You worshipped Xom.
You were a very special plaything of Xom.
You were not hungry.

You visited 1 branch of the dungeon, and saw 6 of its levels.

You collected 341 gold pieces.
You spent 90 gold pieces at shops.

Inventory:

Hand Weapons
 a - a +0 spear of chaos (weapon)
Armour
 b - a +2 leather armour (worn)
 g - a +0 chain mail
 j - a +1 helmet (worn)
 Z - a +0 pair of boots (worn)
Jewellery
 k - a +4 amulet of reflection (around neck)
 m - a ring of protection from magic (left hand)
Wands
 P - a wand of paralysis (6)
Scrolls
 l - a scroll of immolation {unknown}
 R - a scroll of identify
 U - 4 scrolls of remove curse
 V - a scroll of teleportation {unknown}
Potions
 i - 2 potions of flight {unknown}
 M - a potion of haste
 O - a potion of mutation {unknown}
 Q - 7 potions of curing
 S - a potion of cancellation {unknown}
 T - 2 potions of berserk rage {god gift}
 W - 2 potions of lignification {unknown}
 X - 3 potions of heal wounds {unknown}
 Y - a potion of might {unknown}
Comestibles
 c - 10 rations


   Skills:
 + Level 7.9 Fighting
 + Level 10.2 Polearms
 - Level 0.6 Armour
 + Level 8.9 Dodging


You had 8 spell levels left.
You didn't know any spells.
Your spell library contained the following spells:

 Spells                   Type           Power        Failure   Level  Hunger
 Magic Dart               Conj           #...         34%         1    ##.....
 Conjure Flame            Conj/Fire      #.......     71%         3    ####...
 Slow                     Hex            #.......     47%         2    ###....
 Mephitic Cloud           Conj/Pois/Air  #.......     71%         3    ####...
 Blink                    Tloc           N/A          47%         2    ###....
 Call Imp                 Summ           #.......     47%         2    ###....


Dungeon Overview and Level Annotations

Branches:
Dungeon (6/15)             Temple (0/1) D:6

Altars:
Gozag
Trog
Xom
Zin

Shops:
D:4 }


Innate Abilities, Weirdness & Mutations

You revert to your normal form in water.
You are very nimble and swift while swimming.
You are very stealthy in the water. (Stealth+)
You are agile. (Dex +2)
You can translocate small distances at will.
Your mind is acute. (Int +2)
You are resistant to hostile enchantments. (MR+)
You are robust. (+10% HP)


Message History

The shadow is lightly damaged!
You spit the shadow but do no damage!
The shadow seems to speed up!
The shadow slips into darkness!
The shadow flickers and vanishes!!!
Deactivating autopickup; reactivate with Ctrl-A!
You block the shadow's attack!
Unknown command!
Your trail of clouds dissipates!
The shadow strikes at you butt the darkness!!! * * * butt't die
* * * Reactivating autopickup!
Okay, then!
You feel yourself speed up! The shadow closely misses you!
The shadow butts you! The shadow completely misses you!
The shadow slips into darkness!
The shadow flickers and vanishes!!!
Deactivating autopickup; reactivate with Ctrl-A!
The shadow strikes at you from the darkness!!! rip

### #### ##.## ...# ##.#.##
##.######################.###.##
#.......................## ##.#
###...#......###########.###.##
#......................##.#.##
##.........W..####.####.###.##
................@.......# #.#
##........########.###..# #.#
#.#....#.# #.# #..# #.#
#.#..#...########.###..# #.#
#.#....####............# #.#
#.#>#.## #>#####.###.## #.#####
##.#.#.# #.# #.# #.# #.....#
.......# #.#####.# #.# #####.#
##...#.#####....##.###.# #.#


You could see a shadow.

Vanquished Creatures
  Grinder (D:6)
  A steam dragon (D:5)
  2 black bears (D:6)
  An orc warrior (D:6)
  A phantom (D:6)
  A centaur (D:6)
  2 bullfrogs (D:6)
  A scorpion (D:5)
  2 howler monkeys
  2 crimson imps
  3 hounds
  2 centaur zombies (D:6)
  An orc wizard (D:6)
  Jessica (D:2)
  An iguana (D:4)
  8 worker ants
  A killer bee zombie (D:6)
  A howler monkey zombie (D:6)
  5 adders
  A shadow imp (D:6)
  An ooze (D:1)
  An adder zombie (D:6)
  A worm (D:2)
  7 dart slugs (D:5)
  6 leopard geckos
  8 orcs
  7 bats
  3 giant cockroaches
  8 goblins
  11 hobgoblins
  22 jackals
  4 quokkas
  5 frilled lizards
  12 kobolds
  7 rats
141 creatures vanquished.

Vanquished Creatures (collateral kills)
  A centaur zombie (D:6)
1 creature vanquished.

Vanquished Creatures (others)
  A jackal (D:3)
1 creature vanquished.

Grand Total: 143 creatures vanquished

Notes
Turn   | Place    | Note
-------+----------+-------------------------------------------
     0 | D:1      | Gorglomux the Merfolk Chaos Knight began the quest for the Orb.
     0 | D:1      | Reached XP level 1. HP: 18/18 MP: 1/1
    32 | D:1      | Reached skill level 3 in Dodging
    32 | D:1      | Reached XP level 2. HP: 15/24 MP: 2/2
    98 | D:1      | XOM: silly message
   161 | D:1      | XOM: harmless Chrm miscast
   304 | D:1      | Reached skill level 5 in Polearms
   315 | D:1      | Reached XP level 3. HP: 14/30 MP: 3/3
   597 | D:1      | XOM: divination: detect items
   633 | D:1      | XOM: divination: detect creatures
   747 | D:2      | Noticed Jessica
   750 | D:2      | Killed Jessica
   750 | D:2      | Reached XP level 4. HP: 37/37 MP: 4/4
  1188 | D:2      | XOM: 1-stop teleportation journey
  1238 | D:2      | XOM: harmless Necr miscast
  1305 | D:2      | XOM: divination: magic mapping
  1509 | D:2      | XOM: give mutation
  1509 | D:2      | Gained mutation: You are robust. (+10% HP) [Xom's grace]
  1526 | D:2      | XOM: scenery: 3 doors close
  1695 | D:3      | XOM: confuse monster(s)
  1705 | D:3      | XOM: destruction
  1710 | D:3      | Reached skill level 6 in Polearms
  1710 | D:3      | Reached XP level 5. HP: 43/47 MP: 5/5
  1975 | D:3      | XOM: mild Ice miscast
  2546 | D:4      | Found Lisesall's Gadget Emporium.
  2568 | D:4      | Bought a wand of paralysis (7) for 90 gold pieces
  2730 | D:4      | XOM: god gift: 2 fuming amethyst potions {god gift}
  2791 | D:4      | Reached XP level 6. HP: 55/55 MP: 6/6
  2893 | D:4      | XOM: mild Tloc miscast
  2988 | D:4      | XOM: blink monster(s)
  3400 | D:4      | Found a bloodstained altar of Trog.
  3403 | D:4      | Found a glowing silver altar of Zin.
  3406 | D:4      | Found an opulent altar of Gozag.
  3525 | D:5      | Entered Level 5 of the Dungeon
  3532 | D:5      | Reached skill level 7 in Polearms
  3628 | D:5      | Found an opulent altar of Gozag.
  3850 | D:5      | Reached XP level 7. HP: 61/61 MP: 7/7
  3970 | D:5      | Reached skill level 6 in Dodging
  4011 | D:5      | Noticed a steam dragon
  4011 | D:5      | an ogre changed into a steam dragon
  4016 | D:5      | Killed a steam dragon
  4016 | D:5      | Reached skill level 6 in Fighting
  4016 | D:5      | Reached skill level 8 in Polearms
  4471 | D:6      | XOM: give mutations
  4471 | D:6      | Gained mutation: You can translocate small distances at will. [Xom's grace]
  4471 | D:6      | Gained mutation: You are agile. (Dex +2) [Xom's grace]
  4471 | D:6      | Gained mutation: Your mind is acute. (Int +2) [Xom's grace]
  4471 | D:6      | Gained mutation: You are resistant to hostile enchantments. (MR+) [Xom's grace]
  4492 | D:6      | Reached XP level 8. HP: 59/71 MP: 8/8
  4621 | D:6      | XOM: 3-stop teleportation journey
  4705 | D:6      | Noticed Grinder
  4705 | D:6      | XOM: summons 3 friendly demons
  4716 | D:6      | Killed Grinder
  4716 | D:6      | Reached skill level 9 in Polearms
  4823 | D:6      | XOM: 8-stop teleportation journey
  4830 | D:6      | XOM: scenery: create altars
  4979 | D:6      | XOM: 3-stop teleportation journey
  5203 | D:6      | Reached skill level 10 in Polearms
  5206 | D:6      | XOM: enchant monster (good)
  5214 | D:6      | Reached XP level 9. HP: 28/81 MP: 9/9
  5452 | D:6      | Found a staircase to the Ecumenical Temple.
  5481 | D:6      | XOM: cloud trail
  5553 | D:6      | XOM: medium Necr miscast
  5574 | D:6      | Mangled by a shadow

Vault maps used:
D:1:      dpeg_arrival_arbitrary_b, minmay_tripent
D:2:      grunt_decor_fettered, minmay_crystal_water, grunt_ministairs_14,
          uniq_jessica
D:4:      grunt_temple_overflow_diamond, serial_shops,
          nicolae_shop_competitors_out_of_business, first_ration,
          item_on_display_a
D:5:      kennysheep_slugbush, basic_altar, minmay_misc_feat_diagonals
D:6:      lemuel_temple_firewalk_b, uniq_grinder

Skill      XL: |  1  2  3  4  5  6  7  8 |
---------------+-------------------------+-----
Dodging        | 3 4 5 7 8 |  8.9
Polearms       | 5 6 7 8 10 | 10.2
Fighting       | 4 5 6 7 |  7.9
Armour         | |  0.6

Action                   |  1- 3 |  4- 6 |  7- 9 || total
-------------------------+-------+-------+-------++-------
Melee: Spear             |   118 |   331 |   211 ||   660
       Tailslap          |       |     4 |       ||     4
Evoke: Wand              |       |       |     1 ||     1
  Use: Scroll            |       |     1 |     4 ||     5
       Potion            |       |       |     1 ||     1
 Stab: Confused          |     1 |       |       ||     1
       Paralysed         |       |     9 |    11 ||    20
       Sleeping          |       |     1 |     1 ||     2
       Distracted        |       |       |     1 ||     1
  Eat: Chunk             |       |    10 |     5 ||    15
Armor: Leather armour    |    46 |    84 |    41 ||   171
Dodge: Dodged            |    51 |   156 |    89 ||   296
Block: Other             |       |    24 |    26 ||    50
       Reflection        |       |     1 |     3 ||     4

Table legend:
 A = Spawn XP
 B = Non-spawn XP
 C = Spawn XP percentage of total XP
 D = Spawn monster count
 E = Non-spawn monster count
 F = Spawn count percentage of total count
 G = Total turns spent on level
                    A         B        C        D         E        F      G
               +---------+---------+-------+---------+---------+-------+---------
         Total |       0 |    2463 |   0.0 |       0 |     142 |   0.0 |  5574
               +---------+---------+-------+---------+---------+-------+---------
           D:1 |       0 |      60 |   0.0 |       0 |      30 |   0.0 |   747
           D:2 |       0 |      96 |   0.0 |       0 |      22 |   0.0 |   934
           D:3 |       0 |      99 |   0.0 |       0 |      26 |   0.0 |   857
           D:4 |       0 |     237 |   0.0 |       0 |      15 |   0.0 |   987
           D:5 |       0 |     485 |   0.0 |       0 |      19 |   0.0 |   896
           D:6 |       0 |    1486 |   0.0 |       0 |      30 |   0.0 |  1153
               +---------+---------+-------+---------+---------+-------+---------
